 Dungeon Crawl Stone Soup version 0.31-a0-654-gbe3e110b4e (webtiles) character file.

Game seed: 3138871260173452070

24877 Aj7335 the Severer (level 12, -8/141 (151) HPs)
             Began as a Minotaur Berserker on Aug 25, 2023.
             Was a High Priest of Trog.
             Killed from afar by a wretched star (27 damage)
             ... with a lance of force
             ... on level 1 of the Abyss on Aug 29, 2023.
             The game lasted 00:34:54 (16421 turns).

Aj7335 the Severer (Minotaur Berserker)            Turns: 16421, Time: 00:34:56

HP:   -8/141 (151)  AC: 13    Str: 29 (30) XL:     12   Next: 84%
MP:   11/11         EV: 12    Int:  2 (4)  God:    Trog [*****.]
Gold: 140           SH: 15    Dex: 19      Spells: 11/11 levels left

rFire   + . .        q - +5 hand axe (flame)
rCold   + . .        I - +0 tower shield
rNeg    . . .        K - +0 chain mail
rPois   .            (helmet unavailable)
rElec   .            n - scarf {rC+ rF+}
rCorr   .            (no gloves)
SInv    .            (no boots)
Will    .....        l - amulet of regeneration Stlth
                     p - +6 ring of strength
HPRegen 1.23/turn    H - +6 ring of dexterity
MPRegen 0.12/turn

%: no passive effects
@: berserking, drained, very quick
A: horns 3, retaliatory headbutt, frail 1, (teleportitis 1)
a: Renounce Religion, Berserk, Trog's Hand, Brothers in Arms


You were on level 1 of the Abyss.
You worshipped Trog.
Trog was extremely pleased with you.
You visited 1 branch of the dungeon, and saw 13 of its levels.
You visited the Abyss 1 time.

You collected 966 gold pieces.
You spent 826 gold pieces at shops.

Inventory:

Hand Weapons
 a - a +0 hand axe
 b - a +4 battleaxe
 q - a +5 hand axe of flaming (weapon)
Armour
 n - a scarf of resistance (worn)
 o - a +0 cloak
 I - a +0 tower shield (worn)
 K - a +0 chain mail (worn)
Jewellery
 k - a +5 ring of evasion
 l - an amulet of regeneration (around neck)
 p - a +6 ring of strength (left hand)
 H - a +6 ring of dexterity (right hand)
 L - a ring of fire
 S - the ring "Usontuf" {Contam Int+7 Slay+4 Stlth-}
   (You found it on level 12 of the Dungeon)

   [ring of slaying]

   Int+7:     It affects your intelligence (+7).
   Slay+4:    It affects your accuracy & damage with ranged weapons and melee
   (+4).
   Contam:    It causes magical contamination when unequipped.
   Stlth-:    It makes you less stealthy.
 V - a +6 ring of dexterity
Talismans
 D - a maw talisman
Wands
 g - a wand of flame (20)
 m - a wand of mindburst (17)
 y - a wand of paralysis (9)
 G - a wand of iceblast (4)
 Q - a wand of polymorph (8)
Scrolls
 c - 2 scrolls of teleportation
 e - a scroll of poison {unknown}
 h - a scroll of butterflies
 i - 4 scrolls of revelation
 s - a scroll of immolation {unknown}
 t - a scroll of amnesia
 u - 3 scrolls of vulnerability {unknown}
 w - 2 scrolls of blinking
 A - a scroll of fog {unknown}
 B - a scroll of noise {unknown}
 C - a scroll of enchant armour {unknown}
 E - a scroll of fear {unknown}
 M - a scroll of brand weapon {unknown}
 R - 2 scrolls of enchant weapon
 T - a scroll of identify
Potions
 d - 2 potions of haste
 f - 3 potions of lignification
 j - a potion of ambrosia
 r - 2 potions of invisibility {unknown}
 v - a potion of berserk rage {unknown}
 z - a potion of brilliance {unknown}
 F - 2 potions of enlightenment
 J - 2 potions of attraction
 N - a potion of cancellation {unknown}
 O - a potion of mutation {unknown}
 P - a potion of might {unknown}
 U - 2 potions of curing


   Skills:
 + Level 12.4 Fighting
 + Level 15.5 Axes
 + Level 14.1 Armour
 + Level 8.1 Dodging
 + Level 2.5 Stealth
 + Level 5.4 Shields
 + Level 0.3 Evocations


You had 11 spell levels left.
You didn't know any spells.
Your spell library was empty.

Dungeon Overview and Level Annotations

Branches:
Dungeon (13/15)            Temple (0/1) D:4            Lair (0/5) D:9
    Orc (0/2) D:11
 Vaults: D:13-14

Altars:
Cheibriados
Dithmenos
Fedhas
Kikubaaqudgha
Makhleb
Ru
Yredelemnul

Shops:
D:11 !=   D:12 [

Annotations:
D:9 2 transporters
D:13 Erolcha


Innate Abilities, Weirdness & Mutations

You have a pair of large horns on your head.
You reflexively headbutt those who attack you in melee.
You are frail. (-10% HP)
((You are occasionally teleported next to monsters.))


Message History

The entropic shot hits you!!
* * * LOW HITPOINT WARNING * * *
The ynoxinul hits you.
* * * LOW HITPOINT WARNING * * *
The ufetubus closely misses you. You block the ufetubus's attack.
Unknown command.
A red film seems to cover your vision as you go berserk!
You feel yourself moving faster!
You feel mighty!
The ufetubus hits you but does no damage. x2
You block the neqoxec's attack. The ufetubus barely misses you.
The ufetubus hits you but does no damage.
The ufetubus hits you.
* * * LOW HITPOINT WARNING * * *
The ufetubus hits you but does no damage.
You block the ufetubus's attack. The ufetubus misses you.
The ynoxinul hits you but does no damage.
You hit the neqoxec. You burn the neqoxec. You headbutt the neqoxec!
The neqoxec is severely wounded.
You miss the ufetubus. You slash the ufetubus! You burn the ufetubus.
You kill the ufetubus!
The ufetubus disappears in a puff of smoke!
You slash the ynoxinul! You burn the ynoxinul. You slash the ufetubus!
You burn the ufetubus.
You kill the ufetubus!
The ufetubus disappears in a puff of smoke!
The neqoxec barely misses you. The ufetubus barely misses you.
You block the ufetubus's attack.
You slash the neqoxec! You burn the neqoxec.
You kill the neqoxec!
Trog accepts your kill.
You slash the ynoxinul! You burn the ynoxinul.
You kill the ynoxinul!
Trog accepts your kill.
You slice the ufetubus!! You burn the ufetubus.
You feel the power of Trog in you as your rage grows.
You kill the ufetubus!
The ufetubus disappears in a puff of smoke!
The ynoxinul gestures.
The wretched star glows turbulently.
The lance of force hits you!!
You die...

.# .##. .##
#...#.. #
#..... #
#.##.#.## .#.
#....... . .#
#.....###..###.
#..5#3§.......
#..3§@.#..#..##
#...5§.# #..# .
# #.##..#*...##
.# ..
.#........ . #
# . .####...#
#..#........
#....## .... .
#...#. #.#.# .
#### # #.. #. .
# . .


You could see a wretched star, a smoke demon, a ynoxinul and 2 ufetubi.

Vanquished Creatures
  2 tentacled starspawn (Abyss:1)
  An angel (Abyss:1)
  An eidolon (Abyss:1)
  4 two-headed ogres
  A tengu warrior (D:9)
  A wretched star (Abyss:1)
  Lodul (D:11)
  3 large abominations (Abyss:1)
  An ugly thing (D:13)
  A manticore (D:12)
  A shadow dragon skeleton (Abyss:1)
  Maurice (D:8)
  Joseph (D:8)
  2 gargoyles (D:12)
  An unseen horror (D:12)
  Maggie (D:8)
  Jeremiah (D:8)
  A kobold demonologist (D:11)
  2 komodo dragons
  An ancient zyme (Abyss:1)
  4 trolls
  3 meliai (D:11)
  2 hornets
  A raiju (Abyss:1)
  3 slime creatures (D:12)
  A ynoxinul (Abyss:1)
  Sigmund (D:3)
  3 shadows
  3 wyverns
  A wraith (D:12)
  A vampire (D:11)
  A fire bat (Abyss:1)
  A neqoxec (Abyss:1)
  6 yaks (D:11)
  2 small abominations (Abyss:1)
  4 vampire mosquitoes (D:12)
  Menkaure (D:7)
  2 acid dragons
  A water moccasin (D:6)
  8 orc warriors
  A black bear (D:5)
  A sky beast (D:6)
  6 wolves (D:9)
  9 ogres
  2 centaurs
  4 phantoms
  5 kobold brigands
  4 bullfrogs
  3 gnoll sergeants
  5 scorpions
  6 wights
  4 killer bees
  5 electric eels (D:9)
  4 howler monkeys
  6 hounds
  An iron imp (D:9)
  4 jellies
  10 orc priests
  2 gnoll boudas
  4 iguanas
  3 sleepcaps
  12 orc wizards
  21 gnolls
  6 adders
  2 white imps
  An ufetubus (D:4)
  A worm (D:4)
  4 dart slugs
  32 orcs
  7 ball pythons
  6 endoplasms
  4 giant cockroaches
  6 goblins
  11 hobgoblins
  6 jackals
  24 kobolds
  6 quokkas
  5 bats
  6 frilled lizards
  3 rats
  4 starspawn tentacles (Abyss:1)
333 creatures vanquished.

Vanquished Creatures (others)
  2 starspawn tentacles (Abyss:1)
2 creatures vanquished.

Grand Total: 335 creatures vanquished

Notes
Turn   | Place    | Note
-------+----------+-------------------------------------------
     0 | D:1      | Aj7335 the Minotaur Berserker began the quest for the Orb.
     0 | D:1      | Reached XP level 1. HP: 19/19 MP: 0/0
   148 | D:1      | Reached skill level 4 in Axes
   148 | D:1      | Reached XP level 2. HP: 27/27 MP: 1/1
   450 | D:1      | Reached XP level 3. HP: 33/33 MP: 2/2
   474 | D:1      | Reached ** piety under Trog
  1247 | D:2      | Found a faded altar of an unknown god.
  1431 | D:2      | Identified the +0 pair of gloves "Wouxtuj" {+Inv rC++}
  1740 | D:3      | Reached XP level 4. HP: 38/41 MP: 3/3
  2540 | D:3      | Noticed Sigmund
  2547 | D:3      | Killed Sigmund
  2548 | D:3      | Reached skill level 5 in Axes
  2548 | D:3      | Reached XP level 5. HP: 47/47 MP: 4/4
  3438 | D:4      | Reached skill level 5 in Fighting
  3438 | D:4      | Reached XP level 6. HP: 43/56 MP: 5/5
  3557 | D:4      | Found a staircase to the Ecumenical Temple.
  3562 | D:4      | Found a shadowy altar of Dithmenos.
  3570 | D:4      | Reached skill level 6 in Axes
  3703 | D:4      | Reached skill level 5 in Armour
  3713 | D:4      | Reached *** piety under Trog
  3787 | D:4      | Reached XP level 7. HP: 61/61 MP: 6/6
  3877 | D:4      | Found a burning altar of Makhleb.
  3879 | D:4      | Noticed an Executioner
  4563 | D:5      | Entered Level 5 of the Dungeon
  4572 | D:5      | Reached skill level 7 in Axes
  4573 | D:5      | Reached skill level 1 in Stealth
  4609 | D:5      | Found a blossoming altar of Fedhas.
  4826 | D:5      | Reached skill level 8 in Axes
  4826 | D:5      | Reached XP level 8. HP: 68/70 MP: 7/7
  4964 | D:5      | Reached **** piety under Trog
  5539 | D:6      | Reached skill level 9 in Axes
  5748 | D:6      | Reached skill level 5 in Dodging
  5835 | D:6      | Reached XP level 9. HP: 74/78 MP: 8/8
  5958 | D:6      | Reached skill level 10 in Axes
  6448 | D:6      | You fall into a shaft and drop 2 floors!
  6465 | D:8      | Noticed Joseph
  6481 | D:8      | Killed Joseph
  6676 | D:8      | Noticed Maurice
  6676 | D:8      | Noticed Maggie
  6697 | D:8      | HP: 3/79 [something (5)]
  6701 | D:8      | Killed Maggie
  6712 | D:8      | Upgraded the game from 0.31-a0-631-g285b096dc4 to
                  | 0.31-a0-632-g766dd24fdf
  6714 | D:8      | Killed Maurice
  6715 | D:8      | Reached skill level 11 in Axes
  7537 | D:8      | Noticed a two-headed ogre
  7545 | D:8      | Killed a two-headed ogre
  7546 | D:8      | Reached XP level 10. HP: 66/88 MP: 9/9
  7753 | D:8      | Noticed Jeremiah
  7759 | D:8      | Reached skill level 12 in Axes
  7775 | D:8      | Killed Jeremiah
  8433 | D:7      | Identified the +2 pair of boots of Beogh's Favour {Rampage
                  | *Slow Str+8 Int+3}
  9033 | D:7      | Noticed Menkaure
  9039 | D:7      | Killed Menkaure
  9463 | D:9      | Found a basalt altar of Yredelemnul.
  9465 | D:9      | Noticed a death knight
  9623 | D:9      | Found a transporter.
  9744 | D:9      | Reached skill level 13 in Axes
  9749 | D:9      | Reached skill level 10 in Armour
 10421 | D:9      | Found a staircase to the Lair.
 10539 | D:9      | Found a snail-covered altar of Cheibriados.
 10556 | D:9      | Reached ***** piety under Trog
 10644 | D:9      | Found a sacrificial altar of Ru.
 11533 | D:9      | Identified the +7 halberd "Xeqad" {freeze, Dex+4}
 11536 | D:9      | Found an ancient bone altar of Kikubaaqudgha.
 11539 | D:9      | Found a transporter.
 11664 | D:9      | Noticed a tengu warrior
 11676 | D:9      | Killed a tengu warrior
 11677 | D:9      | Reached XP level 11. HP: 84/97 MP: 10/10
 11778 | D:9      | Noticed a two-headed ogre
 11898 | D:10     | Entered Level 10 of the Dungeon
 12303 | D:10     | Paralysed by a hornet for 3 turns
 12735 | D:10     | Upgraded the game from 0.31-a0-632-g766dd24fdf to
                  | 0.31-a0-640-g39d97e502b
 12995 | D:11     | Noticed Lodul
 13004 | D:11     | Reached skill level 14 in Axes
 13009 | D:11     | Killed Lodul
 13013 | D:11     | Found Zumen's Jewellery Shop.
 13020 | D:11     | Reached skill level 10 in Fighting
 13422 | D:11     | Bought a +6 ring of dexterity for 540 gold pieces
 13456 | D:11     | Noticed a two-headed ogre
 13462 | D:11     | Killed a two-headed ogre
 13828 | D:11     | Found Meza's Distillery.
 14229 | D:11     | Upgraded the game from 0.31-a0-640-g39d97e502b to
                  | 0.31-a0-654-gbe3e110b4e
 14234 | D:11     | Found a staircase to the Orcish Mines.
 14597 | D:11     | Bought a potion of heal wounds for 80 gold pieces
 14597 | D:11     | Bought a potion of heal wounds for 80 gold pieces
 14781 | D:12     | Found Anirih's Antique Armour Shop.
 14789 | D:12     | Bought a tower shield for 126 gold pieces
 14918 | D:12     | Reached XP level 12. HP: 91/110 MP: 11/11
 14934 | D:12     | Identified the ring "Usontuf" {Contam Int+7 Slay+4 Stlth-}
 14960 | D:12     | Received a gift from Trog
 14961 | D:12     | Reached skill level 15 in Axes
 15048 | D:12     | Noticed a two-headed ogre
 15059 | D:12     | Killed a two-headed ogre
 15060 | D:12     | Reached skill level 1 in Shields
 15465 | D:12     | Noticed a two-headed ogre
 15472 | D:12     | Killed a two-headed ogre
 15933 | D:13     | Noticed Erolcha
 15933 | Abyss:1  | Cast into level 1 of the Abyss (Erolcha)
 15973 | Abyss:1  | Noticed a tentacled starspawn
 15984 | Abyss:1  | Killed a tentacled starspawn
 16163 | Abyss:1  | Noticed an angel
 16188 | Abyss:1  | Killed an angel
 16372 | Abyss:1  | Noticed a tentacled starspawn
 16383 | Abyss:1  | Killed a tentacled starspawn
 16383 | Abyss:1  | Noticed an eidolon
 16384 | Abyss:1  | Reached skill level 5 in Shields
 16408 | Abyss:1  | Gained mutation: You are frail. (-10% HP) [a neqoxec]
 16410 | Abyss:1  | Gained mutation: You have a pair of large horns on your
                  | head. [a neqoxec]
 16412 | Abyss:1  | Gained mutation: You are occasionally teleported next to
                  | monsters. [a neqoxec]
 16416 | Abyss:1  | Killed an eidolon
 16421 | Abyss:1  | Killed from afar by a wretched star

Illustrated notes

Levels and vault maps discovered:
D:1:      evilmike_arrival_rings, layout_basic
D:2:      layout_basic, shapermc_ecumenical_altar_mp_vishouse,
          minmay_hexomino_c4
D:3:      layout_loops_ring, grunt_decor_clamped, nicolae_hexahallways,
          minivault_14, uniq_sigmund
D:4:      layout_basic, makhleb_altar_promises_db,
          nicolae_dithmenos_shadow_blocks, minmay_temple_entry_metal_lava,
          minmay_three_crescents
D:5:      layout_cave_pods, lemuel_round_altar
D:6:      layout_cave_pools
D:7:      layout_rooms, uniq_menkaure
D:8:      layout_loops_corners, uniq_maurice, uniq_joseph, uniq_jeremiah,
          uniq_maggie
D:9:      layout_cave_pools, nicolae_ru_the_path_less_chosen, slow_altar_1,
          gammafunk_temple_of_torment, erik_lair_island, serial_bayou_ford_a,
          nicolae_concentric_dashed_squares_mild, evilmike_minifort
D:10:     layout_loops_cross
D:11:     layout_roguey, david_orc_1_choice, serial_shops, nicolae_square_shop,
          nicolae_inconvenience_store, uniq_lodul
D:12:     nicolae_cairo_tiling_large_dashed, layout_loops_corners, serial_shops,
          shop
D:13:     layout_irregular_city, gammafunk_ghost_hydra_chop, uniq_erolcha
Abyss:1:  base: D:2, base:
D:2

Skill      XL: |  1  2  3  4  5  6  7  8  9 10 11 12 |
---------------+-------------------------------------+-----
Axes           | 4 5 6 8 9 11 13 14 15 | 15.5
Fighting       | 4 5 6 8 9 11 12 | 12.4
Armour         | 3 4 5 6 7 9 10 12 14 | 14.1
Dodging        | 3 4 5 6 7 8 |  8.1
Stealth        | 1 2 |  2.5
Shields        | 5 |  5.4
Evocations     | |  0.3

Action                     |  1- 3 |  4- 6 |  7- 9 | 10-12 || total
---------------------------+-------+-------+-------+-------++-------
  Melee: Hand axe          |    86 |   100 |   183 |   556 ||   925
         Headbutt          |     4 |    14 |    34 |   122 ||   174
         Punch             |       |       |     1 |     1 ||     2
 Invoke: Berserk           |       |     1 |     4 |    12 ||    17
  Evoke: Wand              |       |       |       |     2 ||     2
    Use: Scroll            |       |       |     4 |     8 ||    12
         Potion            |       |       |     3 |     4 ||     7
 Armour: Animal skin       |     1 |       |       |       ||     1
         Ring mail         |    17 |    39 |    35 |     6 ||    97
         Chain mail        |       |       |       |   151 ||   151
         Acid dragon scale |       |       |       |    13 ||    13
  Dodge: Dodged            |    42 |    69 |    92 |   223 ||   426
  Block: Tower shield      |       |       |       |   138 ||   138

Table legend: (Time is in decaauts)
 A = Elapsed time spent in this place.
 B = Non-inter-level travel time spent in this place.
 C = Inter-level travel time spent in this place.
 D = Time resting spent in this place.
 E = Time spent auto-exploring this place.
 F = Levels seen in this place.
 G = Mean time per level.
                   A        B        C        D        E       F      G
               +--------+--------+--------+--------+--------+-----+--------+
         Total |  16419 |  15339 |   1080 |   5741 |   7742 |  14 | 1172.8 |
       Dungeon |  15918 |  14838 |   1080 |   5577 |   7580 |  13 | 1224.5 |
         Abyss |    500 |    500 |      0 |    164 |    162 |   1 |  500.0 |
               +--------+--------+--------+--------+--------+-----+--------+

Top non-repeatable levels by time:
     D:9: 2431 daAuts
     D:8: 1961 daAuts
    D:11: 1761 daAuts
     D:3: 1732 daAuts
     D:4: 1241 daAuts
    D:12: 1111 daAuts
    D:10: 1095 daAuts
     D:7: 1055 daAuts
     D:5: 961 daAuts
     D:6: 914 daAuts
     D:2: 826 daAuts
     D:1: 778 daAuts
 Abyss:1: 500 daAuts
    D:13: 45 daAuts
